TOP OF THE 1ST |
Chicago Cubs batting - Pitching for Los Angeles Dodgers : RHP Nick Williams
|
Pitching: RHP Nick Williams
|
|
Batting: RHB Gary Ward
|
0-0: Ball 1-0: Swinging Strike 1-1: Swinging Strike 1-2: Ball 2-2: Strikes out swinging
|
Batting: RHB Bill Madlock
|
0-0: Called Strike 0-1: Swinging Strike 0-2: Foul Ball, location: 2F 0-2: Foul Ball, location: 2F 0-2: Foul Ball, location: 2F 0-2: Ball 1-2: Ball 2-2: Ball 3-2: Strikes out swinging
|
Batting: RHB Jim Rice
|
0-0: Called Strike 0-1: Ball 1-1: Called Strike 1-2: Ball 2-2: Strikes out swinging
|
Top of the 1st over - 0 runs, 0 hits, 0 errors, 0 left on base; Chicago 0 - Los Angeles 0 |
BOTTOM OF THE 1ST |
Los Angeles Dodgers batting - Pitching for Chicago Cubs : RHP Bert Blyleven
|
Pitching: RHP Bert Blyleven
|
|
Batting: RHB Billy Sample
|
0-0: Called Strike 0-1: Ball 1-1: Ball 2-1: Swinging Strike 2-2: Fly out, F8 (Flyball, 8RD, EV 98.8 MPH)
|
Batting: RHB Carney Lansford
|
0-0: Ball 1-0: Called Strike 1-1: Ground out 6-3 (Groundball, 56, EV 81.3 MPH)
|
Batting: RHB Dick Davis
|
0-0: Called Strike 0-1: Foul Ball, location: 2F 0-2: SINGLE (Groundball, 34D, EV 93.8 MPH)
|
Batting: RHB Jerry Keller
|
0-0: Called Strike 0-1: Ball Dick Davis is caught stealing 2nd base 2-4
|
Bottom of the 1st over - 0 runs, 1 hit, 0 errors, 0 left on base; Chicago 0 - Los Angeles 0 |
TOP OF THE 2ND |
Chicago Cubs batting - Pitching for Los Angeles Dodgers : RHP Nick Williams
|
Batting: SHB Roy Smalley
|
0-0: Ball 1-0: Foul Ball, location: 2F 1-1: Ball 2-1: Swinging Strike 2-2: Ball 3-2: Strikes out looking
|
Batting: LHB Johnny Grubb
|
0-0: Called Strike 0-1: SINGLE (Groundball, 4D, EV 96.3 MPH)
|
Batting: RHB Randy Ready
|
0-0: Ball 1-0: Ball 2-0: Foul Ball, location: 2F 2-1: Foul Ball, location: 2F 2-2: Ball Johnny Grubb steals 2nd base 3-2: Ground out U3 (Groundball, 3S, EV 87.5 MPH) Johnny Grubb to third
|
Batting: RHB Bob Brenly
|
0-0: Foul Ball, location: 2F 0-1: Foul Ball, location: 2F 0-2: SINGLE (Groundball, 34D, EV 102.5 MPH) Johnny Grubb scores
|
Batting: RHB Willie Randolph
|
0-0: Fly out, F9 (Flyball, 9S, EV 86.9 MPH)
|
Top of the 2nd over - 1 run, 2 hits, 0 errors, 1 left on base; Chicago 1 - Los Angeles 0 |
BOTTOM OF THE 2ND |
Los Angeles Dodgers batting - Pitching for Chicago Cubs : RHP Bert Blyleven
|
Batting: RHB Jerry Keller
|
0-0: Ball 1-0: Ball 2-0: Ball 3-0: Called Strike 3-1: Swinging Strike 3-2: SOLO HOME RUN (Flyball, 78XD, EV 92.5 MPH), Distance : 408 ft
|
Batting: RHB Gary Gaetti
|
0-0: Fly out, F7 (Flyball, 78M, EV 91.9 MPH)
|
Batting: SHB Chris W Smith
|
0-0: Called Strike 0-1: Foul Ball, location: 2F 0-2: Ball 1-2: Ball 2-2: Ball 3-2: Reached on error, E6 (Groundball, 6S, EV 88.8 MPH)
|
Batting: RHB Toby Harrah
|
0-0: Foul Ball, location: 2F 0-1: Ball 1-1: Ball Chris W Smith steals 2nd base 2-1: Fly out, F4 (Popup, 34D, EV 50.6 MPH)
|
Batting: RHB Roberto Reyes
|
0-0: Called Strike 0-1: Ball 1-1: Foul Ball, location: 2F 1-2: Ball 2-2: Ball 3-2: Reached on error, E4 (Groundball, 4, EV 108.8 MPH) Chris W Smith to third
|
Batting: RHB Nick Williams
|
0-0: Swinging Strike 0-1: Called Strike 0-2: Ball 1-2: Strikes out swinging
|
Bottom of the 2nd over - 1 run, 1 hit, 2 errors, 2 left on base; Chicago 1 - Los Angeles 1 |
TOP OF THE 3RD |
Chicago Cubs batting - Pitching for Los Angeles Dodgers : RHP Nick Williams
|
Batting: RHB Bert Blyleven
|
0-0: Ball 1-0: Swinging Strike 1-1: Swinging Strike 1-2: Ball 2-2: Ball 3-2: Strikes out swinging
|
Batting: RHB Gary Ward
|
0-0: Ground out 1-3 (Groundball, 13S, EV 72.5 MPH)
|
Batting: RHB Bill Madlock
|
0-0: Ball 1-0: Called Strike 1-1: Ball 2-1: Ball 3-1: Base on Balls
|
Batting: RHB Jim Rice
|
0-0: Ball Bill Madlock steals 2nd base 1-0: Ball Wild Pitch! Bill Madlock to third 2-0: Ball 3-0: Called Strike 3-1: Swinging Strike 3-2: Strikes out swinging
|
Top of the 3rd over - 0 runs, 0 hits, 0 errors, 1 left on base; Chicago 1 - Los Angeles 1 |
BOTTOM OF THE 3RD |
Los Angeles Dodgers batting - Pitching for Chicago Cubs : RHP Bert Blyleven
|
Batting: RHB Billy Sample
|
0-0: Foul Ball, location: 2F 0-1: Called Strike 0-2: Ball 1-2: Strikes out swinging
|
Batting: RHB Carney Lansford
|
0-0: Ball 1-0: Called Strike 1-1: Ball 2-1: Fly out, F9 (Flyball, 9D, EV 105.0 MPH)
|
Batting: RHB Dick Davis
|
0-0: Ball 1-0: Ball 2-0: Foul Ball, location: 2F 2-1: Swinging Strike 2-2: DOUBLE (Line Drive, 9LD, EV 101.9 MPH)
|
Batting: RHB Jerry Keller
|
0-0: Swinging Strike 0-1: DOUBLE (Flyball, 89XD, EV 117.5 MPH) Dick Davis scores
|
Batting: RHB Gary Gaetti
|
0-0: Called Strike 0-1: Ball 1-1: Fly out, F3 (Popup, 3, EV 60.6 MPH)
|
Bottom of the 3rd over - 1 run, 2 hits, 0 errors, 1 left on base; Chicago 1 - Los Angeles 2 |
TOP OF THE 4TH |
Chicago Cubs batting - Pitching for Los Angeles Dodgers : RHP Nick Williams
|
Batting: SHB Roy Smalley
|
0-0: Called Strike 0-1: Foul Ball, location: 2F 0-2: Ball 1-2: Fly out, F4 (Flyball, 4D, EV 86.9 MPH)
|
Batting: LHB Johnny Grubb
|
0-0: Swinging Strike 0-1: Ball 1-1: Fly out, F9 (Flyball, 9S, EV 78.8 MPH)
|
Batting: RHB Randy Ready
|
0-0: Ball 1-0: Foul Ball, location: 2F 1-1: Ball 2-1: Ball 3-1: Called Strike 3-2: Base on Balls
|
Batting: RHB Bob Brenly
|
0-0: Foul Ball, location: 2F 0-1: Ball 1-1: Ball 2-1: Ground out 4-3 (Groundball, 4, EV 76.9 MPH)
|
Top of the 4th over - 0 runs, 0 hits, 0 errors, 1 left on base; Chicago 1 - Los Angeles 2 |
BOTTOM OF THE 4TH |
Los Angeles Dodgers batting - Pitching for Chicago Cubs : RHP Bert Blyleven
|
Batting: SHB Chris W Smith
|
0-0: Ground out 4-3 (Groundball, 34, EV 95.0 MPH)
|
Batting: RHB Toby Harrah
|
0-0: Ball 1-0: Ball 2-0: Ball 3-0: Base on Balls
|
Batting: RHB Roberto Reyes
|
0-0: Ground out 3-1 (Groundball, 34S, EV 78.1 MPH) Toby Harrah to second
|
Batting: RHB Nick Williams
|
0-0: Swinging Strike 0-1: Fly out, F7 (Flyball, 7, EV 91.3 MPH)
|
Bottom of the 4th over - 0 runs, 0 hits, 0 errors, 1 left on base; Chicago 1 - Los Angeles 2 |
TOP OF THE 5TH |
Chicago Cubs batting - Pitching for Los Angeles Dodgers : RHP Nick Williams
|
Batting: RHB Willie Randolph
|
0-0: Called Strike 0-1: Ball 1-1: Foul Ball, location: 2F 1-2: Foul Ball, location: 2F 1-2: Foul Ball, location: 2F 1-2: Foul Ball, location: 2F 1-2: Foul Ball, location: 2F 1-2: Ball 2-2: Ground out 3-1 (Groundball, 34, EV 85.0 MPH)
|
Batting: RHB Bert Blyleven
|
0-0: Foul Ball, location: 2F 0-1: Fly out, F8 (Flyball, 8LM, EV 85.0 MPH)
|
Batting: RHB Gary Ward
|
0-0: Fly out, F8 (Flyball, 8RM, EV 80.0 MPH)
|
Top of the 5th over - 0 runs, 0 hits, 0 errors, 0 left on base; Chicago 1 - Los Angeles 2 |
BOTTOM OF THE 5TH |
Los Angeles Dodgers batting - Pitching for Chicago Cubs : RHP Bert Blyleven
|
Batting: RHB Billy Sample
|
0-0: Ball 1-0: Ground out 4-3 (Groundball, 4, EV 84.4 MPH)
|
Batting: RHB Carney Lansford
|
0-0: Ball 1-0: Called Strike 1-1: Foul Ball, location: 2F 1-2: SINGLE (Groundball, 6MD, EV 105.0 MPH) (infield hit)
|
Batting: RHB Dick Davis
|
0-0: Called Strike 0-1: Called Strike Carney Lansford steals 2nd base (no throw) 0-2: Foul Ball, location: 2F 0-2: Ball 1-2: Ball 2-2: Foul Ball, location: 2F 2-2: Foul Ball, location: 2F 2-2: SINGLE (Groundball, 6S, EV 66.9 MPH) (infield hit) Carney Lansford to third
|
Batting: RHB Jerry Keller
|
0-0: Ball Dick Davis is caught stealing 2nd base 2-4 1-0: Swinging Strike 1-1: Ball 2-1: Swinging Strike 2-2: Ball 3-2: Ground out 6-3 (Groundball, 6, EV 83.8 MPH)
|
Bottom of the 5th over - 0 runs, 2 hits, 0 errors, 1 left on base; Chicago 1 - Los Angeles 2 |
TOP OF THE 6TH |
Chicago Cubs batting - Pitching for Los Angeles Dodgers : RHP Nick Williams
|
Batting: RHB Bill Madlock
|
0-0: Foul Ball, location: 2F 0-1: Swinging Strike 0-2: Fly out, F8 (Flyball, 89XD, EV 78.8 MPH)
|
Batting: RHB Jim Rice
|
0-0: Ground out 1-3 (Groundball, 13S, EV 68.1 MPH)
|
Batting: SHB Roy Smalley
|
0-0: Called Strike 0-1: Foul Ball, location: 2F 0-2: Foul Ball, location: 2F 0-2: Strikes out looking
|
Top of the 6th over - 0 runs, 0 hits, 0 errors, 0 left on base; Chicago 1 - Los Angeles 2 |
BOTTOM OF THE 6TH |
Los Angeles Dodgers batting - Pitching for Chicago Cubs : RHP Bert Blyleven
|
Batting: RHB Gary Gaetti
|
0-0: Called Strike 0-1: Called Strike 0-2: Reached on error, E8 (Flyball, 8LM, EV 97.5 MPH)
|
Batting: SHB Chris W Smith
|
0-0: Ball Gary Gaetti steals 2nd base 1-0: Intentional Walk
|
Batting: RHB Toby Harrah
|
0-0: Fielders Choice at 2nd, 3-6 (Groundball, 3, EV 83.8 MPH) Gary Gaetti to third
|
Batting: RHB Roberto Reyes
|
0-0: Ball 1-0: Ball 2-0: Ball 3-0: Called Strike 3-1: Foul Ball, location: 2F 3-2: Ground out 4-3 (Groundball, 4, EV 95.0 MPH) Gary Gaetti scores Toby Harrah to second
|
Batting: RHB Nick Williams
|
0-0: Called Strike 0-1: Ground out 4-3 (Groundball, 4MD, EV 76.3 MPH)
|
Bottom of the 6th over - 1 run, 0 hits, 1 error, 1 left on base; Chicago 1 - Los Angeles 3 |
TOP OF THE 7TH |
Chicago Cubs batting - Pitching for Los Angeles Dodgers : RHP Nick Williams
|
Batting: LHB Johnny Grubb
|
0-0: Ball 1-0: SOLO HOME RUN (Flyball, 9D, EV 98.1 MPH) (Inside the Park)
|
Batting: RHB Randy Ready
|
0-0: Called Strike 0-1: Ball 1-1: Fly out, F8 (Flyball, 8RS, EV 93.8 MPH)
|
Batting: RHB Bob Brenly
|
0-0: Foul Ball, location: 2F 0-1: Ball 1-1: Swinging Strike 1-2: Foul Ball, location: 2F 1-2: Ground out 5-3 (Groundball, 56S, EV 90.6 MPH)
|
Batting: RHB Willie Randolph
|
0-0: Ball 1-0: Ball 2-0: Foul Ball, location: 2F 2-1: Foul Ball, location: 2F 2-2: Ball 3-2: Foul Ball, location: 2F 3-2: Fly out, F6 (Popup, 6MS, EV 76.3 MPH)
|
Top of the 7th over - 1 run, 1 hit, 0 errors, 0 left on base; Chicago 2 - Los Angeles 3 |
BOTTOM OF THE 7TH |
Los Angeles Dodgers batting - Pitching for Chicago Cubs : RHP Bert Blyleven
|
Batting: RHB Billy Sample
|
0-0: Ball 1-0: SINGLE (Groundball, 6MD, EV 107.5 MPH)
|
Batting: RHB Carney Lansford
|
0-0: Ball 1-0: Swinging Strike 1-1: Ball 2-1: Fly out, F7 (Line Drive, 7D, EV 92.5 MPH)
|
Batting: RHB Dick Davis
|
0-0: Ball Billy Sample is caught stealing 2nd base 2-4 1-0: Ball 2-0: Ground out 6-3 (Groundball, 56, EV 99.4 MPH)
|
Bottom of the 7th over - 0 runs, 1 hit, 0 errors, 0 left on base; Chicago 2 - Los Angeles 3 |
TOP OF THE 8TH |
Chicago Cubs batting - Pitching for Los Angeles Dodgers : RHP Nick Williams
|
Batting: RHB Bert Blyleven
|
0-0: Ball 1-0: Fly out, F8 (Line Drive, 8RM, EV 97.5 MPH)
|
Batting: RHB Gary Ward
|
0-0: Called Strike 0-1: Fly out, F4 (Popup, 4S, EV 74.4 MPH)
|
Batting: RHB Bill Madlock
|
0-0: Ball 1-0: Called Strike 1-1: Fly out, F9 (Flyball, 9LS, EV 87.5 MPH)
|
Top of the 8th over - 0 runs, 0 hits, 0 errors, 0 left on base; Chicago 2 - Los Angeles 3 |
BOTTOM OF THE 8TH |
Los Angeles Dodgers batting - Pitching for Chicago Cubs : RHP Bert Blyleven
|
Batting: RHB Jerry Keller
|
0-0: Called Strike 0-1: Foul Ball, location: 2F 0-2: Foul Ball, location: 2F 0-2: Fly out, F9 (Flyball, 9, EV 91.3 MPH)
|
Batting: RHB Gary Gaetti
|
0-0: Ball 1-0: Swinging Strike 1-1: Ground out U3 (Groundball, 3S, EV 75.6 MPH)
|
Batting: SHB Chris W Smith
|
0-0: Ground out 4-3 (Groundball, 4, EV 84.4 MPH)
|
Bottom of the 8th over - 0 runs, 0 hits, 0 errors, 0 left on base; Chicago 2 - Los Angeles 3 |
TOP OF THE 9TH |
Chicago Cubs batting - Pitching for Los Angeles Dodgers : RHP Nick Williams
|
Pitching: RHP Steve Foucault
|
|
Now at SS: Damaso Garcia
|
|
Batting: RHB Jim Rice
|
0-0: Fly out, F9 (Flyball, 9S, EV 76.9 MPH)
|
Batting: SHB Roy Smalley
|
0-0: Ball 1-0: Ball 2-0: Foul Ball, location: 2F 2-1: Swinging Strike 2-2: Fly out, F9 (Flyball, 9, EV 71.9 MPH)
|
Batting: LHB Johnny Grubb
|
0-0: Ball 1-0: Ball 2-0: Swinging Strike 2-1: Swinging Strike 2-2: Fly out, F5 (Popup, 5S, EV 81.3 MPH)
|
Top of the 9th over - 0 runs, 0 hits, 0 errors, 0 left on base; Chicago 2 - Los Angeles 3 |
|